 Dungeon Crawl Stone Soup version 0.21-a0-536-gdbbf329 (webtiles) character file.

296 drazt1k the Magician (level 6, -10/32 HPs)
             Began as a Deep Elf Fire Elementalist on Dec 14, 2017.
             Killed by divine providence
             ... invoked by an orc priest
              (11 damage)
             ... on level 3 of the Dungeon.
             The game lasted 00:24:21 (4262 turns).

drazt1k the Magician (Deep Elf Fire Elementalist)   Turns: 4262, Time: 00:24:22

Health: -10/32     AC:  2    Str:  7    XL:     6   Next: 12%
Magic:  14/17      EV: 13    Int: 22    God:
Gold:   240        SH:  0    Dex: 15    Spells: 9/17 levels left

rFire    . . .     SeeInvis .   b - +0 hunting sling
rCold    . . .     Gourm    .   (no shield)
rNeg     . . .     Faith    .   f - +0 robe
rPois    .         Spirit   .   (no helmet)
rElec    .         Reflect  .   (no cloak)
rCorr    .         Harm     .   (no gloves)
MR       .....                  (no boots)
Stlth    ++........             (no amulet)
HPRegen  0.10/turn              m - +2 ring of strength
MPRegen  0.15/turn              (no ring)

@: very slightly contaminated
A: no striking features
a: no special abilities


You were on level 3 of the Dungeon.
You were not hungry.

You visited 1 branch of the dungeon, and saw 4 of its levels.

You collected 240 gold pieces.

Inventory:

Hand Weapons
 a - a +1 dagger of flaming
 b - a +0 hunting sling (weapon)
Missiles
 d - 75 stones (quivered)
 k - 83 sling bullets
Armour
 f - a +0 robe (worn)
Jewellery
 m - a +2 ring of strength (left hand)
Wands
 u - a wand of flame (25)
Scrolls
 e - a scroll of blinking {unknown}
 g - a scroll of fog {unknown}
 i - a scroll of remove curse {unknown}
 j - a scroll of identify
 p - a scroll of fear {unknown}
 s - a scroll of enchant weapon {unknown}
 t - a scroll of enchant armour {unknown}
Potions
 h - a potion of cancellation
 n - 2 potions of flight
 q - a potion of mutation
 r - a potion of might
 v - a potion of curing {unknown}
Books
 o - a book of Flames

   Spells                             Type                      Level
   a - Flame Tongue                   Conjuration/Fire             1
   b - Throw Flame                    Conjuration/Fire             2
   c - Conjure Flame                  Conjuration/Fire             3
   d - Inner Flame                    Hexes/Fire                   3
   e - Sticky Flame                   Conjuration/Fire             4
   f - Fireball                       Conjuration/Fire             5
Comestibles
 c - 3 bread rations


   Skills:
 - Level 2.4 Dodging
 - Level 2.4 Stealth
 - Level 6.0 Spellcasting
 + Level 5.2 Conjurations
 - Level 3.2 Fire Magic


You had 9 spell levels left.
You knew the following spells:

 Your Spells              Type           Power        Failure   Level  Hunger
a - Flame Tongue          Conj/Fire      ####.        1%          1    None
b - Conjure Flame         Conj/Fire      ####....     4%          3    #......
c - Sticky Flame          Conj/Fire      ####....     16%         4    ###....


Dungeon Overview and Level Annotations

Branches:
Dungeon (4/15)
 Temple: D:4-7

Altars:
Okawaru
Ru

Shops:
D:4 }

Annotations:
D:3 exclusion: downstairs


Message History

* * * LOW HITPOINT WARNING * * *
Unknown command.
Casting: Flame Tongue
Confirm with . or Enter, or press ? or * to list all spells.
Aiming: Flame Tongue
Press: ? - help, Shift-Dir - straight line, f/p - orc
Aim: an orc, wielding a flail The flame tongue misses the orc.
The orc hits you but does no damage. The orc priest hits you.
* * * LOW HITPOINT WARNING * * *
Casting: Flame Tongue
Confirm with . or Enter, or press ? or * to list all spells.
Aiming: Flame Tongue
Press: ? - help, Shift-Dir - straight line, f/p - orc
Aim: an orc, wielding a flail The flame tongue hits the orc.
You kill the orc!
The orc priest calls down the wrath of Beogh upon you.
Beogh smites you!
You die...

.# #.# #.[.........##### .#
####.### #...........'.... .#
#......# #...........##### .#
###......# #........)..#.... .#
#........# ##...####...##.###
.# #........# #....# #...##.#
.# #........####...## ##...##.#
.# ###.........[...####.##.##.#
######..........@)......##.##.#
................o..####.##.##.#
######..........#### #.##.##.#
#######....# #.##.##.# #....#
#.##.##.# #### #....# #.#.....#
...# #....# #.#..#### ##.#
#....# #.#..# ##.# #####....#
#.#..#


You could see an orc priest.

Vanquished Creatures
  A phantom (D:4)
  An orc priest (D:2)
  A hound skeleton (D:4)
  5 adders
  2 worms (D:2)
  3 dart slugs
  3 leopard geckos
  14 orcs
  13 bats
  4 giant cockroaches
  10 goblins
  11 hobgoblins
  5 frilled lizards
  10 kobolds
  8 rats
91 creatures vanquished.

Notes
Turn   | Place    | Note
-------+----------+-------------------------------------------
     0 | D:1      | drazt1k the Deep Elf Fire Elementalist began the quest for the Orb.
     0 | D:1      | Reached XP level 1. HP: 10/10 MP: 6/6
   296 | D:1      | Reached XP level 2. HP: 15/15 MP: 6/8
   322 | D:1      | Reached skill level 4 in Spellcasting
   734 | D:1      | Reached XP level 3. HP: 19/19 MP: 7/11
   740 | D:1      | Learned a level 3 spell: Conjure Flame
  1114 | D:2      | Found a sacrificial altar of Ru.
  1138 | D:2      | Reached skill level 5 in Spellcasting
  1208 | D:2      | Upgraded the game from 0.21-a0-531-gacddea6 to 0.21-a0-536-gdbbf329
  1496 | D:2      | Reached XP level 4. HP: 24/24 MP: 9/13
  1718 | D:2      | Learned a level 4 spell: Sticky Flame
  2470 | D:3      | Found an iron altar of Okawaru.
  2538 | D:3      | Reached skill level 6 in Spellcasting
  2538 | D:3      | Reached XP level 5. HP: 28/28 MP: 10/15
  3804 | D:4      | Noticed a phantom
  3817 | D:4      | Killed a phantom
  3817 | D:4      | Reached skill level 5 in Conjurations
  3817 | D:4      | Reached XP level 6. HP: 28/32 MP: 10/17
  3901 | D:4      | Found Bead's Gadget Shop.
  4261 | D:3      | HP: 1/32 [orc priest (1)]
  4262 | D:3      | Killed from afar by an orc priest

Vault maps used:
D:1:      saegor_arrival_miasma
D:2:      nicolae_ru_path_of_blood, first_bread, minmay_strange_pillars
D:3:      okawaru_gym_becter
D:4:      serial_shops, shop_fountains, uniq_eustachio

Skill      XL: |  1  2  3  4  5 |
---------------+----------------+-----
Spellcasting   | 4 5 6 |  6.0
Conjurations   | 2 3 5 |  5.2
Dodging        | |  2.4
Stealth        | |  2.4
Fire Magic     | |  3.2

Action                   |  1- 3 |  4- 6 || total
-------------------------+-------+-------++-------
Melee: Dagger            |     4 |       ||     4
 Fire: Hunting sling     |    14 |    77 ||    91
Throw: Stone             |     9 |       ||     9
 Cast: Flame Tongue      |    80 |    69 ||   149
       Conjure Flame     |       |     4 ||     4
  Use: Scroll            |       |     4 ||     4
  Eat: Chunk             |     2 |     6 ||     8
       Royal jelly       |       |     1 ||     1
Armor: Robe              |     6 |     2 ||     8
Dodge: Dodged            |    20 |    15 ||    35

Table legend:
 A = Spawn XP
 B = Non-spawn XP
 C = Spawn XP percentage of total XP
 D = Spawn monster count
 E = Non-spawn monster count
 F = Spawn count percentage of total count
 G = Total turns spent on level
                    A         B        C        D         E        F      G
               +---------+---------+-------+---------+---------+-------+---------
         Total |       0 |     424 |   0.0 |       0 |      91 |   0.0 |  4262
               +---------+---------+-------+---------+---------+-------+---------
           D:1 |       0 |      61 |   0.0 |       0 |      32 |   0.0 |  1057
           D:2 |       0 |     118 |   0.0 |       0 |      31 |   0.0 |  1386
           D:3 |       0 |      99 |   0.0 |       0 |      24 |   0.0 |  1611
           D:4 |       0 |     146 |   0.0 |       0 |       4 |   0.0 |   208
               +---------+---------+-------+---------+---------+-------+---------
